Map: Ascension to Aiur LE

Players

Salvite

  • Race: Protoss Protoss
  • League: Silver
  • Spawn Location: 11:00

dponce - Winner!

  • Race: Terran Terran
  • League: Silver
  • Spawn Location: 5:00

VOD

Have the link to the VOD?

Description

Time

  • Played on: June 2, 2017, 1:24 p.m.
  • Length: 6:22
Show
View Real Time Build Order
Export as new Build Order

Salvite Protoss 

Build Orders:  

Get SALT Encoding   

  12  0:01  Probe (Chrono Boost)  
  13  0:11  Probe (Chrono Boost)  
  14  0:20  Pylon  
  14  0:22  Probe (Chrono Boost)  
  15  0:38  Probe (Chrono Boost)  
  16  0:44  Gateway  
  16  0:48  Probe (Chrono Boost)  
  17  0:53  Pylon  
  17  0:59  Assimilator, Probe (Chrono Boost)  
  18  1:10  Probe (Chrono Boost)  
  19  1:19  Assimilator  
  19  1:20  Probe (Chrono Boost)  
  20  1:31  Probe (Chrono Boost)  
  21  1:38  Cybernetics Core  
  21  1:45  Probe (Chrono Boost)  
  22  1:59  Pylon  
  22  2:16  Warp Gate  
  22  2:21  Nexus  
  22  2:30  Adept  
  22  2:34  Probe (Chrono Boost)  
  25  2:46  Probe (Chrono Boost)  
  25  2:48  Robotics Facility  
  26  2:58  Probe (Chrono Boost)  
  26  3:12  Mothership Core (Chrono Boost)  
  28  3:32  Gateway  
  28  3:47  Adept  
  30  3:57  Probe x2 (Chrono Boost)  
  30  3:59  Observer  
  33  4:14  Adept  
  35  4:21  Adept  
  37  4:41  Probe (Chrono Boost)  
  37  4:42  Probe (Chrono Boost)  
  37  4:44  Pylon  
  39  4:47  Pylon  
  39  4:48  Assimilator  
  39  4:53  Assimilator  
  39  5:00  Robotics Bay  
  39  5:23  Probe (Chrono Boost)  
  39  5:25  Probe (Chrono Boost)  
  41  5:29  Stalker x2  
  45  5:37  Gateway  
  45  5:38  Gateway  
  45  5:40  Gateway  
  45  5:42  Gateway  
  45  5:44  Gateway  
  33  6:12  Stalker x2  
Show
View Real Time Build Order
Export as new Build Order

dponce Terran - Winner!

Build Orders:  

Get SALT Encoding   

  12  0:02  SCV  
  13  0:14  SCV  
  13  0:20  Supply Depot  
  14  0:27  SCV  
  15  0:34  Supply Depot  
  15  0:42  SCV  
  16  0:51  Barracks  
  16  0:54  SCV  
  17  1:02  Refinery  
  17  1:06  Refinery  
  17  1:08  SCV  
  18  1:20  Supply Depot, SCV  
  19  1:34  SCV  
  19  1:39  Barracks Tech Lab  
  20  1:47  Orbital Command  
  20  1:55  Factory  
  20  2:03  Concussive Shells  
  20  2:19  Supply Depot  
  20  2:20  Marauder  
  22  2:35  Barracks  
  22  2:38  Engineering Bay  
  22  2:40  Factory Reactor  
  22  2:55  Marauder  
  24  3:07  Barracks  
  24  3:08  Missile Turret  
  24  3:14  SCV  
  25  3:25  Barracks Tech Lab  
  25  3:30  Missile Turret  
  25  3:44  Cyclone x2  
  31  3:50  SCV  
  31  3:54  Marauder  
  31  3:55  Barracks Tech Lab  
  34  4:00  Barracks Reactor  
  36  4:03  Marauder  
  36  4:17  Supply Depot  
  36  4:27  Marauder x2  
  40  4:40  Cyclone x2  
  46  4:50  Starport  
  46  5:02  Supply Depot  
  46  5:04  Marauder  
  48  5:14  Marauder  
  50  5:16  Marine x2  
  52  5:28  Starport Tech Lab  
  52  5:43  Marine  
  52  5:44  Marine  
Tags
 
Add a new tag
Caveats
  • Supply blocks, unpowered buildings, or Contaminate may cause inaccurate times.
  • Supply counts are checked every 10 seconds.